 Dungeon Crawl Stone Soup version 0.27.1-15-g792fb953b9 (webtiles) character file.

Game seed: 4540897656740318948

36 zeram the Skirmisher (level 3, -4/36 HPs)
             Began as an Ogre Fighter on Nov 19, 2021.
             Killed from afar by Sigmund (6 damage)
             ... with a puff of flame
             ... on level 2 of the Dungeon.
             The game lasted 00:01:33 (1120 turns).

zeram the Skirmisher (Ogre Fighter)                 Turns: 1120, Time: 00:01:34

Health: -4/36      AC:  3    Str: 20    XL:     3   Next: 37%
Magic:  5/5        EV:  8    Int: 10    God:
Gold:   429        SH:  8    Dex:  8    Spells: 4/4 levels left

rFire    . . .     SeeInvis .   a - +0 flail
rCold    . . .     Faith    .   c - +0 kite shield
rNeg     . . .     Spirit   .   b - +0 robe
rPois    .         Reflect  .   (helmet restricted)
rElec    .         Harm     .   (no cloak)
rCorr    .         Rampage  .   (gloves unavailable)
Will     .....                  (boots unavailable)
Stlth    +.........             (no amulet)
HPRegen  0.12/turn              (no ring)
MPRegen  0.09/turn              (no ring)

@: mighty
A: large, unfitting armour, tough skin 1, frail 1, high mp 1
a: no special abilities


You were on level 2 of the Dungeon.
You visited 1 branch of the dungeon, and saw 2 of its levels.

You collected 429 gold pieces.

Inventory:

Hand Weapons
 a - a +0 flail (weapon)
Armour
 b - a +0 robe (worn)
 c - a +0 kite shield (worn)
Scrolls
 e - a scroll of summoning {unknown}
Potions
 g - a potion of curing {unknown}
 h - a potion of mutation
 i - a potion of brilliance {unknown}


   Skills:
 + Level 4.8 Fighting
 + Level 2.3 Maces & Flails
 - Level 2.6 Dodging
 - Level 2.6 Shields
 * Level 1.4 Spellcasting


You had 4 spell levels left.
You didn't know any spells.
Your spell library contained the following spells:

 Spells                   Type           Power      Damage    Failure   Level
 Foxfire                  Conj/Fire      0%         2x1d4     78%         1
 Conjure Flame            Conj/Fire      0%         6-21      98%         3
 Inner Flame              Hex/Fire       0%         N/A       98%         3


Dungeon Overview and Level Annotations

Branches:
Dungeon (2/15)

Altars:

Annotations:
D:2 Sigmund


Innate Abilities, Weirdness & Mutations

You are too large for most types of armour.
You have tough skin. (AC +1)
You are frail. (-10% HP)
You have an increased reservoir of magic. (+10% MP)


Message History

HP restored.
Sigmund the Dreaded comes into view.
He is wielding a +0 scythe.
Found a scroll labelled QUDOLE RO RIJU.
Sigmund is nearby!
Sigmund is nearby!
Sigmund is nearby!
Sigmund shouts!
You hear a shout!
A kobold comes into view. It is wielding a +0 club.
A hobgoblin comes into view.
The hobgoblin shouts!
You block Sigmund's attack.
You feel very mighty all of a sudden. Sigmund closely misses you.
You barely miss Sigmund.
Sigmund casts a spell.
Sigmund flickers and vanishes!
Deactivating autopickup; reactivate with Ctrl-A.
You thump something!
You hear some strange, mumbled words.
You are confused.
Something hits you!
You bump into the rock wall.
You bump into the rock wall.
Something hits you.
You miss something. Something hits you!
You bump into the rock wall.
Something hits you!
* * * LOW HITPOINT WARNING * * *
You bump into the rock wall.
You bump into the rock wall.
You feel less confused. Something hits you.
* * * LOW HITPOINT WARNING * * *
You completely miss something. Something hits you.
* * * LOW HITPOINT WARNING * * *
Okay, then.
It was a potion of mutation.
You feel extremely strange.
You feel frail.
You feel more energetic.
You hear some strange, mumbled words.
A puff of flame appears from out of thin air!
The puff of flame hits you.
You die...

# ##########
##
#........####.
#.######......
#.............
#.##########.#
. #.# #.#
....#######.#
#.#
....Kg{@....#
#.#
....#######.#
##.# . #.#
##... ...
#(... ....
#.... .....
#..>. ....?..
#.... .....#
#.#.# #.#.#


You could see a hobgoblin and a kobold.

Vanquished Creatures
  An adder (D:2)
  A worm (D:2)
  A dart slug (D:1)
  2 bats (D:1)
  An endoplasm (D:1)
  3 giant cockroaches (D:1)
  2 goblins (D:1)
  5 hobgoblins (D:1)
  A kobold (D:1)
  2 ball pythons (D:1)
  A frilled lizard (D:1)
20 creatures vanquished.

Notes
Turn   | Place    | Note
-------+----------+-------------------------------------------
     0 | D:1      | zeram the Ogre Fighter began the quest for the Orb.
     0 | D:1      | Reached XP level 1. HP: 24/24 MP: 1/1
   139 | D:1      | Reached XP level 2. HP: 33/33 MP: 2/2
   358 | D:1      | Reached skill level 1 in Spellcasting
   463 | D:1      | Identified a scroll of acquirement
   463 | D:1      | Acquired 380 gold pieces
   831 | D:1      | Reached XP level 3. HP: 40/40 MP: 4/4
  1105 | D:2      | Noticed Sigmund
  1119 | D:2      | HP: 2/41 [something (6)]
  1120 | D:2      | Gained mutation: You are frail. (-10% HP) [potion of
                  | mutation]
  1120 | D:2      | Gained mutation: You have an increased reservoir of magic.
                  | (+10% MP) [potion of mutation]
  1120 | D:2      | Killed from afar by Sigmund

Illustrated notes

Levels and vault maps discovered:
D:1:      amcnicky_arrival_single_pillar, layout_loops_ring, st_stairs_12
D:2:      layout_loops_ring, basic_altar, minmay_vboxes, uniq_jessica,
          uniq_sigmund, uniq_crazy_yiuf_cottage

Skill      XL: |  1  2 |
---------------+-------+-----
Maces & Flails | 2 |  2.3
Spellcasting   | 1 |  1.4
Fighting       | |  4.8
Dodging        | |  2.6
Shields        | |  2.6

Action                   || total
-------------------------++-------
Melee: Flail             ||    81
  Use: Scroll            ||     2
       Potion            ||     2
Armor: Robe              ||    29
Dodge: Dodged            ||    27
Block: Kite shield       ||    39
